 Dungeon Crawl Stone Soup version 0.23.2-1-ga50397a (webtiles) character file.

Game seed: 2115111918146606764

87 xveg the Sneak (level 4, -3/33 HPs)
             Began as a Human Assassin on May 7, 2019.
             Slain by a scorpion (7 damage)
             ... on level 3 of the Dungeon.
             The game lasted 00:03:02 (2158 turns).

xveg the Sneak (Human Assassin)                     Turns: 2158, Time: 00:03:03

Health: -3/33      AC:  3    Str: 12    XL:     4   Next: 80%
Magic:  4/4        EV: 12    Int: 11    God:
Gold:   139        SH:  0    Dex: 15    Spells: 3/3 levels left

rFire    . . .     SeeInvis .   a - +2 dagger
rCold    . . .     Gourm    .   (no shield)
rNeg     . . .     Faith    .   c - +0 robe
rPois    +         Spirit   .   (no helmet)
rElec    .         Reflect  .   d - +0 cloak
rCorr    .         Harm     .   (no gloves)
MR       .....                  (no boots)
Stlth    +++.......             (no amulet)
HPRegen  0.11/turn              m - ring of poison resistance
MPRegen  0.09/turn              (no ring)

@: lethally poisoned (-3 -> -7)
A: no striking features
a: no special abilities


You were on level 3 of the Dungeon.
You were not hungry.

You visited 1 branch of the dungeon, and saw 3 of its levels.

You collected 139 gold pieces.

Inventory:

Hand Weapons
 a - a +2 dagger (weapon)
 b - a +0 blowgun
 r - a +0 hunting sling
Missiles
 e - 7 poisoned needles
 f - 2 curare-tipped needles
 s - 15 stones (quivered)
Armour
 c - a +0 robe (worn)
 d - a +0 cloak (worn)
Jewellery
 m - a ring of poison resistance (left hand)
Scrolls
 h - 3 scrolls of immolation {unknown}
 i - 2 scrolls of remove curse {unknown}
 l - 3 scrolls of identify {unknown}
 n - a scroll of fog {unknown}
 o - a scroll of amnesia {unknown}
Potions
 j - 3 potions of cancellation {unknown}
 k - a potion of curing {unknown}
 p - 2 potions of brilliance {unknown}
 q - a potion of mutation {unknown}
 t - a potion of heal wounds {unknown}
Comestibles
 g - 5 rations


   Skills:
 + Level 2.1 Fighting
 + Level 2.8 Short Blades
 + Level 2.3 Throwing
 + Level 1.2 Dodging
 + Level 5.3 Stealth


You had 3 spell levels left.
You didn't know any spells.
Your spell library was empty.

Dungeon Overview and Level Annotations

Branches:
Dungeon (3/15)

Altars:
Hepliaklqana
Sif Muna


Message History

The scorpion closely misses you.
You hit the scorpion but do no damage.
The scorpion is heavily wounded.
You feel sick. The scorpion stings you.
* * * LOW HITPOINT WARNING * * *
You hit the scorpion.
The scorpion is severely wounded.
The scorpion stings you.
* * * LOW HITPOINT WARNING * * *
You hit the scorpion but do no damage.
The scorpion is severely wounded.
The scorpion stings you but does no damage.
You closely miss the scorpion.
The scorpion is severely wounded.
* * * LOW HITPOINT WARNING * * *
You feel sick. The scorpion closely misses you.
You closely miss the scorpion.
The scorpion is severely wounded.
The scorpion stings you!
You die...

# #....#
#.##..#
#.#..<#
#.###.#
#.....# #
#.....#
#.#.#.#.#.#
#.....#.#.#
#(...s@<#.#
......####..
..((. ...
((.. ... ...
.. .


You could see a scorpion.

Vanquished Creatures
  2 adders (D:2)
  An ooze (D:2)
  A worm (D:2)
  A dart slug (D:1)
  4 leopard geckos
  A ball python (D:2)
  5 bats
  4 giant cockroaches (D:2)
  9 goblins
  8 hobgoblins
  7 kobolds
  2 frilled lizards
  4 rats
49 creatures vanquished.

Notes
Turn   | Place    | Note
-------+----------+-------------------------------------------
     0 | D:1      | xveg the Human Assassin began the quest for the Orb.
     0 | D:1      | Reached XP level 1. HP: 16/16 MP: 1/1
   122 | D:1      | Reached XP level 2. HP: 22/22 MP: 2/2
   356 | D:1      | Reached XP level 3. HP: 27/27 MP: 3/3
   776 | D:2      | Reached skill level 5 in Stealth
  1271 | D:2      | Found a hazy altar of Hepliaklqana.
  1343 | D:2      | Reached XP level 4. HP: 31/33 MP: 4/4
  1727 | D:2      | Found a deep blue altar of Sif Muna.
  2158 | D:3      | Slain by a scorpion

Skill      XL: |  1  2  3 |
---------------+----------+-----
Stealth        | 5 |  5.3
Fighting       | |  2.1
Short Blades   | |  2.8
Throwing       | |  2.3
Dodging        | |  1.2

Action                   |  1- 3 |  4- 6 || total
-------------------------+-------+-------++-------
Melee: Dagger            |    72 |    47 ||   119
 Fire: Hunting sling     |       |    24 ||    24
       Blowgun           |       |    14 ||    14
Throw: Stone             |       |    30 ||    30
 Stab: Sleeping          |    13 |     3 ||    16
       Distracted        |       |     1 ||     1
  Eat: Ration            |     1 |       ||     1
Armor: Robe              |     9 |    13 ||    22
Dodge: Dodged            |    28 |    42 ||    70
